 Dungeon Sprint DCSS version 0.25-b1-37-g2669288c55 (webtiles) character file.

Game seed: 13132987682697112231

2380 Groucho the Covert (level 9, -6/39 HPs)
             Began as a Spriggan Enchanter on June 6, 2020.
             Was a Follower of Dithmenos.
             Killed from afar by a crystal guardian (45 damage)
             ... with a crystal bolt
             ... in the Dungeon (Sprint II: "The Violet Keep of Menkaure").
             The game lasted 00:07:21 (1557 turns).

Groucho the Covert (Spriggan Enchanter)             Turns: 1557, Time: 00:07:22

Health: -6/39      AC:  2    Str:  7    XL:     9   Next: 22%
Magic:  20/25      EV: 29    Int: 16    God:    Dithmenos [*.....]
Gold:   370        SH:  0    Dex: 17    Spells: 12/31 levels left

rFire    . . .     SeeInvis +   a - +1 dagger
rCold    . . .     Gourm    .   (shield restricted)
rNeg     . . .     Faith    .   b - +0 robe
rPois    .         Spirit   .   (helmet restricted)
rElec    .         Reflect  .   (no cloak)
rCorr    .         Harm     .   (gloves unavailable)
MR       +....     NoTele   +   (boots unavailable)
Stlth    +++++++...             (no amulet)
HPRegen  0.13/turn              c - ring of flight
MPRegen  0.19/turn              (no ring)

@: very slightly contaminated, wreathed by umbra, invisible, very quick
A: very small, unfitting armour, see invisible, herbivore, speed 3, slow
metabolism 2
a: Renounce Religion, Evoke Flight


You were in the Dungeon.
You worshipped Dithmenos.
Dithmenos was aware of your devotion.
You were not hungry.

You visited 1 branch You collected 1147 gold pieces.
You spent 777 gold pieces at shops.

Inventory:

Hand Weapons
 a - a +1 dagger (weapon)
Armour
 b - a +0 robe (worn)
Jewellery
 c - a ring of flight (left hand)
Potions
 g - a potion of haste
 h - 2 potions of magic
Comestibles
 d - a ration


   Skills:
 - Level 10.0 Short Blades
 + Level 13.4 Dodging
 + Level 14.7 Stealth
 + Level 11.7 Spellcasting
 + Level 11.8 Hexes


You had 12 spell levels left.
You knew the following spells:

 Your Spells              Type           Power        Failure   Level  Hunger
a - Corona                Hex            #####..      1%          1    None
b - Ensorcelled Hibernat  Hex/Ice        ####..       1%          2    None
c - Dazzling Flash        Conj/Hex       ####..       1%          3    None
d - Confusing Touch       Hex            #####...     1%          3    None
e - Tukima's Dance        Hex            #####...     1%          3    None
f - Invisibility          Hex            #####...     9%          6    ######.
g - Apportation           Tloc           #.....       8%          1    None

Your spell library contained the following spells:

 Spells                   Type           Power        Failure   Level  Hunger
 Summon Butterflies       Summ           #.......     8%          1    None
 Lesser Beckoning         Tloc           #.........   22%         3    None
 Alistair's Intoxication  Tmut/Pois      #.......     91%         5    #####..


Dungeon Overview and Level Annotations

Branches:
Dungeon (1/1)

Altars:
Cheibriados
Dithmenos
Elyvilon
Fedhas
Gozag
Hepliaklqana
Kikubaaqudgha
Makhleb
Nemelex Xobeh
Okawaru
Qazlal
Ru
Sif Muna
Trog
Uskayaw
Vehumet
Wu Jian
Xom
Yredelemnul
Zin
The Shining One
Beogh
Jiyva
Lugonu

Shops:
D !*:!:[[=[:[%}(=?

Annotations:
D exclusion: oklob plant


Innate Abilities, Weirdness & Mutations

You are very small and have problems with some larger weapons.
You are too small for most types of armour.
You have supernaturally acute eyesight. (SInv)
You are a herbivore.
You cover ground extremely quickly.
You need to consume almost no food.


Message History

You are very lightly contaminated with residual magic.
You see here 81 gold pieces.
You now have 370 gold pieces (gained 81).
There is an open door here.
A swamp drake, a death drake and a crystal guardian come into view.
Found 3 smoky black potions.
The helpless swamp drake fails to defend itself.
You perforate the swamp drake like a sieve!!!!
You kill the swamp drake!
Dithmenos accepts your kill.
You are shrouded in an aura of darkness!
The helpless swamp drake fails to defend itself.
You spit the swamp drake like a pig!!!!
You kill the swamp drake!
Dithmenos accepts your kill.
Unknown command.
The crystal guardian fires a crystalline bolt at you.
The crystal bolt freezes you!!!
Ouch! That really hurt!
You die...

..## ...### ++# ...#k## ..
.. ..#.k# ##+##.. #.#@8#
#.#.##.#### +.##.# ..#..#
...# #^..#### #...###
..#####..##)#▓$())(?
##'###.##..#.†'..#..#▓($?$)$
##.####.#..#†.#..#..#▓)%!?[[
')<.'.##'..####..##.#▓?!%=$?
##.##...#....###...##▓▓▓▓▓▓▓
##+###.##......≈≈≈≈≈≈≈≈≈≈≈≈≈


You could see 2 death drakes and a crystal guardian.

Vanquished Creatures
  A yaktaur (D)
  3 polar bears (D)
  A hornet (D)
  2 redbacks (D)
  Menkaure (D)
  2 swamp drakes (D)
  4 necrophages (D)
  4 worker ants (D)
  3 worms (D)
21 creatures vanquished.

Vanquished Creatures (collateral kills)
  A merfolk siren (D)
1 creature vanquished.

Vanquished Creatures (others)
  A crocodile (D)
1 creature vanquished.

Grand Total: 23 creatures vanquished

Notes
Turn   | Place    | Note
-------+----------+-------------------------------------------
     0 | D        | Groucho the Spriggan Enchanter began the quest for the Orb.
     0 | D        | Reached XP level 1. HP: 9/9 MP: 5/5
     1 | D        | Noticed a merfolk siren
    11 | D        | Noticed a necrophage
    11 | D        | Noticed a necrophage
    11 | D        | Noticed a necrophage
    11 | D        | Noticed a necrophage
    21 | D        | Killed a necrophage
    21 | D        | Reached skill level 7 in Stealth
    21 | D        | Reached skill level 5 in Spellcasting
    21 | D        | Reached skill level 5 in Hexes
    21 | D        | Reached XP level 2. HP: 12/12 MP: 6/9
    21 | D        | Reached XP level 3. HP: 15/15 MP: 6/10
    21 | D        | Reached XP level 4. HP: 20/20 MP: 7/12
    27 | D        | Killed a necrophage
    27 | D        | Reached skill level 5 in Short Blades
    27 | D        | Reached skill level 8 in Stealth
    27 | D        | Reached XP level 5. HP: 23/23 MP: 7/14
    36 | D        | Killed a necrophage
    36 | D        | Reached skill level 9 in Stealth
    40 | D        | Killed a necrophage
    40 | D        | Reached skill level 10 in Stealth
    40 | D        | Reached XP level 6. HP: 27/27 MP: 8/17
    90 | D        | Learned a level 2 spell: Ensorcelled Hibernation
    94 | D        | Learned a level 3 spell: Dazzling Flash
    98 | D        | Learned a level 3 spell: Confusing Touch
   102 | D        | Learned a level 3 spell: Tukima's Dance
   425 | D        | Killed a merfolk siren
   425 | D        | Reached skill level 10 in Dodging
   425 | D        | Reached skill level 11 in Stealth
   425 | D        | Reached XP level 7. HP: 24/32 MP: 4/20
   819 | D        | Found Pucaugim's Book Emporium.
   819 | D        | Found Retoimac's Food Emporium.
   819 | D        | Found Jaam's Antique Weapon Emporium.
   819 | D        | Found Waargh Ylasy's Antique Armour Shoppe.
   819 | D        | Found Deufecea's Antique Armour Shoppe.
   820 | D        | Found Kir Tuni's Jewellery Shoppe.
   820 | D        | Found Ynuidoac's Magic Scroll Emporium.
   820 | D        | Found Pofrot's Gadget Shoppe.
   820 | D        | Found Raemu's Jewellery Shoppe.
   821 | D        | Found Eloxtaff's Armour Shoppe.
   821 | D        | Found Quzi's Antique Armour Emporium.
   823 | D        | Found Lot Redan's Book Emporium.
   823 | D        | Found Ynkoahon's Distillery.
   823 | D        | Noticed Menkaure
   823 | D        | Noticed a fire dragon
   823 | D        | Noticed an oklob plant
   852 | D        | Killed Menkaure
   852 | D        | Reached skill level 12 in Stealth
  1155 | D        | Found Ymuteoqe's Assorted Antiques.
  1155 | D        | Found Fesid's Book Shoppe.
  1155 | D        | Found Xenommif's Distillery.
  1156 | D        | Noticed a spiny frog
  1157 | D        | Noticed a spiny frog
  1162 | D        | Bought an uncursed ring of flight for 227 gold pieces
  1168 | D        | Noticed a death yak
  1170 | D        | Bought a book of Party Tricks for 550 gold pieces
  1177 | D        | Learned a level 6 spell: Invisibility
  1179 | D        | Learned a level 1 spell: Apportation
  1254 | D        | Found a blossoming altar of Fedhas.
  1255 | D        | Found a white marble altar of Elyvilon.
  1256 | D        | Found a shadowy altar of Dithmenos.
  1256 | D        | Found a corrupted altar of Lugonu.
  1256 | D        | Found an opulent altar of Gozag.
  1256 | D        | Found a burning altar of Makhleb.
  1257 | D        | Found a snail-covered altar of Cheibriados.
  1257 | D        | Found an ancient bone altar of Kikubaaqudgha.
  1257 | D        | Found a bloodstained altar of Trog.
  1259 | D        | Noticed a yaktaur
  1259 | D        | Noticed a polar bear
  1259 | D        | Noticed a hornet
  1259 | D        | Noticed a polar bear
  1259 | D        | Noticed a polar bear
  1260 | D        | Killed a polar bear
  1260 | D        | Reached skill level 10 in Hexes
  1261 | D        | Killed a polar bear
  1261 | D        | Reached skill level 10 in Spellcasting
  1261 | D        | Reached XP level 8. HP: 36/36 MP: 15/23
  1263 | D        | Killed a polar bear
  1263 | D        | Reached skill level 13 in Stealth
  1264 | D        | Killed a hornet
  1266 | D        | Killed a yaktaur
  1266 | D        | Reached skill level 14 in Stealth
  1272 | D        | Found a roughly hewn altar of Beogh.
  1272 | D        | Found a hazy altar of Hepliaklqana.
  1272 | D        | Found a viscous altar of Jiyva.
  1272 | D        | Found a stormy altar of Qazlal.
  1272 | D        | Found a sacrificial altar of Ru.
  1272 | D        | Found a shimmering blue altar of Sif Muna.
  1272 | D        | Found an ornate altar of the Wu Jian Council.
  1274 | D        | Found a shimmering altar of Xom.
  1276 | D        | Found a sparkling altar of Nemelex Xobeh.
  1276 | D        | Found a hide-covered altar of Uskayaw.
  1276 | D        | Found a basalt altar of Yredelemnul.
  1276 | D        | Found a glowing golden altar of the Shining One.
  1277 | D        | Found an iron altar of Okawaru.
  1277 | D        | Found a radiant altar of Vehumet.
  1277 | D        | Found a glowing silver altar of Zin.
  1290 | D        | Became a worshipper of Dithmenos the Shadowed
  1539 | D        | Noticed a death drake
  1543 | D        | Reached skill level 10 in Short Blades
  1543 | D        | Reached XP level 9. HP: 39/39 MP: 25/25
  1554 | D        | Noticed a death drake
  1554 | D        | Noticed a crystal guardian
  1555 | D        | Reached * piety under Dithmenos
  1557 | D        | Killed from afar by a crystal guardian

Illustrated notes

Levels and vault maps discovered:
D:        the_violet_keep_of_menkaure [sprint2_stairs_cluster_1,
          sprint2_shoproom, sprint2_temple, sprint2_basic_supplies,
          sprint2_obstacle_4, sprint2_obstacle_5, sprint2_obstacle_3,
          sprint2_obstacle_1, sprint2_obstacle_7, sprint2_timed_cluster_1,
          sprint2_smallroom_cluster_1, sprint2_smallroom_final_cluster_1,
          sprint2_transparent_cluster_1, sprint2_second_timed_cluster_1,
          sprint2_sniper_area_1, sprint2_heavy_combat_area_1,
          sprint2_mutation_trap_area_1, sprint2_forest_area_1,
          sprint2_light_combat_area_1, sprint2_behind_water_1,
          sprint2_near_end_vault_1]

Skill      XL: |  1  2  3  4  5  6  7  8 |
---------------+-------------------------+-----
Short Blades   | 4 5 6 7 9 10 | 10.0
Dodging        | 6 7 9 10 11 13 | 13.4
Stealth        | 7 8 10 11 12 14 | 14.7
Spellcasting   | 5 6 7 9 10 11 | 11.7
Hexes          | 5 6 8 9 10 11 | 11.8

Action                   |  1- 3 |  4- 6 |  7- 9 || total
-------------------------+-------+-------+-------++-------
Melee: Dagger            |     5 |    50 |    17 ||    72
 Cast: Ensorcelled Hiber |       |     8 |       ||     8
       Tukima's Dance    |       |     5 |       ||     5
       Dazzling Flash    |       |     1 |       ||     1
       Invisibility      |       |       |     2 ||     2
       Confusing Touch   |       |       |     1 ||     1
 Abil: Evoke Flight      |       |       |     1 ||     1
  Use: Potion            |     1 |     2 |       ||     3
       Scroll            |       |       |     1 ||     1
 Stab: Sleeping          |     1 |     7 |     9 ||    17
       Confused          |       |       |     1 ||     1
Dodge: Dodged            |     3 |    10 |     2 ||    15
